| TOP OF THE 1ST |
|
Iowa Cubs batting - Pitching for Albuquerque Isotopes : LHP Justin Miller
|
|
Pitching: LHP Justin Miller
|
|
|
Batting: RHB Pat Barton
|
0-0: Foul Ball, location: 2F 0-1: Ball 1-1: Swinging Strike 1-2: Ball 2-2: Foul Ball, location: 2F 2-2: Strikes out swinging
|
|
Batting: LHB Barend van der Kamp
|
0-0: Fly out, F6 (Popup, 6MD, EV 48.8 MPH)
|
|
Batting: RHB Butch Koglin
|
0-0: Ball 1-0: Called Strike 1-1: Fly out, F8 (Line Drive, 8LM, EV 91.2 MPH)
|
| Top of the 1st over - 0 runs, 0 hits, 0 errors, 0 left on base; Iowa 0 - Albuquerque 0 |
| BOTTOM OF THE 1ST |
|
Albuquerque Isotopes batting - Pitching for Iowa Cubs : RHP Pat Stone
|
|
Pitching: RHP Pat Stone
|
|
|
Batting: LHB Enrique Andrade
|
0-0: Fly out, F8 (Line Drive, 8LD, EV 102.5 MPH)
|
|
Batting: SHB Pat Wilson
|
0-0: Ball 1-0: Ball 2-0: Fly out, F6 (Popup, 6, EV 68.1 MPH)
|
|
Batting: LHB Katsunan Akimoto
|
0-0: Ball 1-0: Called Strike 1-1: Ball 2-1: Foul Ball, location: 2F 2-2: Ball 3-2: Strikes out swinging
|
| Bottom of the 1st over - 0 runs, 0 hits, 0 errors, 0 left on base; Iowa 0 - Albuquerque 0 |
| TOP OF THE 2ND |
|
Iowa Cubs batting - Pitching for Albuquerque Isotopes : LHP Justin Miller
|
|
Batting: SHB Nick Chandler
|
0-0: Swinging Strike 0-1: Called Strike 0-2: Fly out, F7 (Flyball, 7LS, EV 87.5 MPH)
|
|
Batting: LHB Paul Perry
|
0-0: Ball 1-0: Called Strike 1-1: Called Strike 1-2: Strikes out swinging
|
|
Batting: LHB Chris Morgan
|
0-0: Ball 1-0: Called Strike 1-1: Ball 2-1: Foul Ball, location: 2F 2-2: Foul Ball, location: 2F 2-2: Foul Ball, location: 2F 2-2: Foul Ball, location: 2F 2-2: Fly out, F7 (Flyball, 7, EV 93.8 MPH)
|
| Top of the 2nd over - 0 runs, 0 hits, 0 errors, 0 left on base; Iowa 0 - Albuquerque 0 |
| BOTTOM OF THE 2ND |
|
Albuquerque Isotopes batting - Pitching for Iowa Cubs : RHP Pat Stone
|
|
Batting: LHB Tetsuya Oba
|
0-0: Ball 1-0: DOUBLE (Flyball, 78D, EV 101.9 MPH)
|
|
Batting: SHB Bradley Barrowcliff
|
0-0: Ground out 5-3 (Groundball, 56, EV 101.9 MPH)
|
|
Batting: RHB Ron Johansen
|
0-0: Called Strike 0-1: DOUBLE (Flyball, 78D, EV 112.5 MPH) Tetsuya Oba scores
|
|
Batting: RHB Jerry Castro
|
0-0: Called Strike 0-1: Ball 1-1: Ball 2-1: Foul Ball, location: 2F 2-2: Ball 3-2: Strikes out swinging
|
|
Batting: RHB Ben Alspach
|
0-0: Ball 1-0: Ball 2-0: Foul Ball, location: 2F 2-1: Swinging Strike 2-2: Strikes out looking
|
| Bottom of the 2nd over - 1 run, 2 hits, 0 errors, 1 left on base; Iowa 0 - Albuquerque 1 |
| TOP OF THE 3RD |
|
Iowa Cubs batting - Pitching for Albuquerque Isotopes : LHP Justin Miller
|
|
Batting: LHB Rich Atterberry
|
0-0: Called Strike 0-1: Ground out U3 (Groundball, 34, EV 90.6 MPH)
|
|
Batting: LHB J.D. Brenner
|
0-0: Foul Ball, location: 2F 0-1: Ball 1-1: Foul Ball, location: 2F 1-2: Fly out, F9 (Line Drive, 9, EV 88.8 MPH)
|
|
Batting: LHB Jose Mojica
|
0-0: Fly out, F8 (Flyball, 8RS, EV 94.4 MPH)
|
| Top of the 3rd over - 0 runs, 0 hits, 0 errors, 0 left on base; Iowa 0 - Albuquerque 1 |
| BOTTOM OF THE 3RD |
|
Albuquerque Isotopes batting - Pitching for Iowa Cubs : RHP Pat Stone
|
|
Batting: RHB Bobby Heagle
|
0-0: SINGLE (Groundball, 56D, EV 101.9 MPH)
|
|
Batting: LHB Enrique Andrade
|
0-0: Ball 1-0: Ball 2-0: Called Strike 2-1: Foul Ball, location: 2F 2-2: Fielders Choice at 2nd, 6-4 (Groundball, 6, EV 88.8 MPH)
|
|
Batting: SHB Pat Wilson
|
0-0: Called Strike 0-1: 2-RUN HOME RUN (Line Drive, 89XD, EV 112.5 MPH), Distance : 440 ft
|
|
Batting: LHB Katsunan Akimoto
|
0-0: Called Strike 0-1: Ball 1-1: SINGLE (Groundball, 6S, EV 72.5 MPH) (infield hit)
|
|
Batting: LHB Tetsuya Oba
|
0-0: Ball 1-0: Ball 2-0: Ball 3-0: Called Strike 3-1: Base on Balls Katsunan Akimoto to second
|
|
Batting: SHB Bradley Barrowcliff
|
0-0: Fielders Choice at 2nd, 3-6 (Groundball, 3, EV 88.8 MPH) Katsunan Akimoto to third
|
|
Batting: RHB Ron Johansen
|
0-0: Ball 1-0: Ball 2-0: Ground out 4-3 (Groundball, 4, EV 83.8 MPH)
|
| Bottom of the 3rd over - 2 runs, 3 hits, 0 errors, 2 left on base; Iowa 0 - Albuquerque 3 |
| TOP OF THE 4TH |
|
Iowa Cubs batting - Pitching for Albuquerque Isotopes : LHP Justin Miller
|
|
Batting: RHB Pat Barton
|
0-0: Swinging Strike 0-1: Ball 1-1: Called Strike 1-2: Strikes out looking
|
|
Batting: LHB Barend van der Kamp
|
0-0: Ball 1-0: Ball 2-0: Foul Ball, location: 2F 2-1: Fly out, F9 (Flyball, 89M, EV 85.0 MPH)
|
|
Batting: RHB Butch Koglin
|
0-0: SINGLE (Groundball, 5S, EV 69.4 MPH) (infield hit)
|
|
Batting: SHB Nick Chandler
|
0-0: Ball 1-0: Foul Ball, location: 2F 1-1: Foul Ball, location: 2F 1-2: Ball 2-2: Strikes out looking
|
| Top of the 4th over - 0 runs, 1 hit, 0 errors, 1 left on base; Iowa 0 - Albuquerque 3 |
| BOTTOM OF THE 4TH |
|
Albuquerque Isotopes batting - Pitching for Iowa Cubs : RHP Pat Stone
|
|
Batting: RHB Jerry Castro
|
0-0: Fly out, F7 (Flyball, 78M, EV 82.5 MPH)
|
|
Batting: RHB Ben Alspach
|
0-0: Ball 1-0: Foul Ball, location: 2F 1-1: DOUBLE (Line Drive, 78D, EV 103.1 MPH)
|
|
Batting: RHB Bobby Heagle
|
0-0: Ball Wild Pitch! Ben Alspach to third 1-0: Foul Ball, location: 2F 1-1: Foul Ball, location: 2F 1-2: Foul Ball, location: 2F 1-2: Ball 2-2: Fly out, F8 (Flyball, 8LS, EV 93.8 MPH)
|
|
Batting: LHB Enrique Andrade
|
0-0: Ball 1-0: Ball 2-0: Swinging Strike 2-1: Ball 3-1: Base on Balls
|
|
Batting: SHB Pat Wilson
|
0-0: Called Strike 0-1: Ball 1-1: Ball 2-1: Called Strike 2-2: Ball 3-2: Base on Balls Enrique Andrade to second
|
|
Batting: LHB Katsunan Akimoto
|
0-0: Ball Wild Pitch! Ben Alspach scores Enrique Andrade to third Pat Wilson to second 1-0: Ball 2-0: Called Strike 2-1: Ball 3-1: Swinging Strike 3-2: Foul Ball, location: 2F 3-2: Foul Ball, location: 2F 3-2: Ground out 4-3 (Groundball, 4, EV 91.2 MPH)
|
| Bottom of the 4th over - 1 run, 1 hit, 0 errors, 2 left on base; Iowa 0 - Albuquerque 4 |
| TOP OF THE 5TH |
|
Iowa Cubs batting - Pitching for Albuquerque Isotopes : LHP Justin Miller
|
|
Batting: LHB Paul Perry
|
0-0: Ball 1-0: Called Strike 1-1: Ball 2-1: Ball 3-1: DOUBLE (Line Drive, 78D, EV 108.1 MPH)
|
|
Batting: LHB Chris Morgan
|
0-0: Ball 1-0: Ball 2-0: Called Strike 2-1: Fly out, F9 (Line Drive, 9D, EV 95.6 MPH) Runner from 2nd tags up, SAFE at 3rd, no throw by RF
|
|
Batting: LHB Rich Atterberry
|
0-0: DOUBLE (Groundball, 3L, EV 97.5 MPH) Paul Perry scores
|
|
Batting: LHB J.D. Brenner
|
0-0: Called Strike 0-1: Ball 1-1: Swinging Strike 1-2: Ball 2-2: Strikes out swinging
|
|
Batting: LHB Jose Mojica
|
0-0: Swinging Strike 0-1: Foul Ball, location: 2F 0-2: Foul Ball, location: 2F 0-2: Ball 1-2: Foul Ball, location: 2F 1-2: Ball 2-2: Ground out 4-3 (Groundball, 4MS, EV 86.9 MPH)
|
| Top of the 5th over - 1 run, 2 hits, 0 errors, 1 left on base; Iowa 1 - Albuquerque 4 |
| BOTTOM OF THE 5TH |
|
Albuquerque Isotopes batting - Pitching for Iowa Cubs : RHP Pat Stone
|
|
Batting: LHB Tetsuya Oba
|
0-0: Ball 1-0: Ball 2-0: Ball 3-0: Called Strike 3-1: Called Strike 3-2: Base on Balls
|
|
Batting: SHB Bradley Barrowcliff
|
0-0: Ball 1-0: Grounds into double play, 4-6-3 (Groundball, 34, EV 77.5 MPH)
|
|
Batting: RHB Ron Johansen
|
0-0: Fly out, F7 (Flyball, 78D, EV 87.5 MPH)
|
| Bottom of the 5th over - 0 runs, 0 hits, 0 errors, 0 left on base; Iowa 1 - Albuquerque 4 |
| TOP OF THE 6TH |
|
Iowa Cubs batting - Pitching for Albuquerque Isotopes : LHP Justin Miller
|
|
Batting: RHB Pat Barton
|
0-0: Ball 1-0: Ball 2-0: Ball 3-0: Called Strike 3-1: Foul Ball, location: 2F 3-2: Base on Balls
|
|
Batting: LHB Barend van der Kamp
|
0-0: Ball 1-0: Ball 2-0: SINGLE (Groundball, 4D, EV 101.2 MPH) Pat Barton to second Runner from 2nd tries for 3rd, SAFE, throw by RF made to third
|
|
Batting: RHB Butch Koglin
|
0-0: Called Strike 0-1: Ball 1-1: SINGLE (Groundball, 34D, EV 110.6 MPH) Pat Barton scores Barend van der Kamp to second Runner from 2nd tries for 3rd, SAFE, throw by RF made to third
|
|
Batting: SHB Nick Chandler
|
0-0: Ball 1-0: Called Strike 1-1: Foul Ball, location: 2F 1-2: Strikes out swinging
|
|
Pinch Hitting: SHB Seung-ho Zhang
|
0-0: Foul Ball, location: 2F 0-1: Ball 1-1: Foul Ball, location: 2F 1-2: Ball 2-2: Ball 3-2: Base on Balls Butch Koglin to second
|
|
Pinch Hitting: RHB Shintaro Katsumata
|
0-0: SINGLE (Groundball, 6MD, EV 95.6 MPH) Barend van der Kamp scores Butch Koglin to third Seung-ho Zhang to second Runner from 3rd tries for Home, SAFE, throw by CF to home
|
|
Batting: LHB Rich Atterberry
|
0-0: Ball 1-0: Foul Ball, location: 2F 1-1: Foul Ball, location: 2F 1-2: Ball 2-2: Fly out, F8 (Flyball, 8LXD, EV 96.2 MPH) Runner from 2nd tags up, SAFE at 3rd, no throw by CF
|
|
Batting: LHB J.D. Brenner
|
0-0: Swinging Strike 0-1: Swinging Strike 0-2: Ball 1-2: Ball 2-2: Ball 3-2: Strikes out swinging
|
| Top of the 6th over - 3 runs, 3 hits, 0 errors, 2 left on base; Iowa 4 - Albuquerque 4 |
| BOTTOM OF THE 6TH |
|
Albuquerque Isotopes batting - Pitching for Iowa Cubs : RHP Pat Stone
|
|
Now at 1B: Bobby Adams
|
|
|
Now in CF: Seung-ho Zhang
|
|
|
Batting: RHB Jerry Castro
|
0-0: Called Strike 0-1: Ball 1-1: Reached on error, E6 (Groundball, 6, EV 97.5 MPH)
|
|
Batting: RHB Ben Alspach
|
0-0: Ball 1-0: Foul Ball, location: 2F 1-1: Ball 2-1: Swinging Strike 2-2: Ball 3-2: Foul Ball, location: 2F 3-2: Strikes out swinging
|
|
Batting: RHB Bobby Heagle
|
0-0: Ball 1-0: Ball 2-0: Ball 3-0: Base on Balls Jerry Castro to second
|
|
Batting: LHB Enrique Andrade
|
0-0: Swinging Strike 0-1: SINGLE (Groundball, 34D, EV 96.9 MPH) Jerry Castro to third Bobby Heagle to second
|
|
Batting: SHB Pat Wilson
|
0-0: Ball 1-0: Called Strike 1-1: Fly out, F8 (Flyball, 8LXD, EV 95.6 MPH) Runner from 3rd tags up, SCORES, no throw by CF Bobby Heagle to third
|
|
Pitching: RHP Mike Richardson
|
|
|
Batting: LHB Katsunan Akimoto
|
0-0: Ball 1-0: Ball 2-0: Ground out 4-3 (Groundball, 4, EV 81.9 MPH)
|
| Bottom of the 6th over - 1 run, 1 hit, 1 error, 2 left on base; Iowa 4 - Albuquerque 5 |
| TOP OF THE 7TH |
|
Iowa Cubs batting - Pitching for Albuquerque Isotopes : LHP Justin Miller
|
|
Pitching: LHP Tyler Adams
|
|
|
Batting: LHB Jose Mojica
|
0-0: Called Strike 0-1: Ball 1-1: Foul Ball, location: 2F 1-2: Strikes out looking
|
|
Batting: RHB Pat Barton
|
0-0: Called Strike 0-1: Foul Ball, location: 2F 0-2: Ground out 5-3 (Groundball, 5, EV 107.5 MPH)
|
|
Batting: LHB Barend van der Kamp
|
0-0: DOUBLE (Line Drive, 7LM, EV 106.2 MPH)
|
|
Batting: RHB Butch Koglin
|
0-0: Called Strike 0-1: SINGLE (Flyball, 3D, EV 95.0 MPH) Barend van der Kamp to third Runner from 3rd tries for Home, SAFE, throw by RF to home
|
|
Batting: SHB Nick Chandler
|
0-0: Called Strike 0-1: Swinging Strike 0-2: Strikes out swinging
|
| Top of the 7th over - 1 run, 2 hits, 0 errors, 1 left on base; Iowa 5 - Albuquerque 5 |
| BOTTOM OF THE 7TH |
|
Albuquerque Isotopes batting - Pitching for Iowa Cubs : RHP Mike Richardson
|
|
Batting: LHB Tetsuya Oba
|
0-0: Foul Ball, location: 2F 0-1: Ball 1-1: Foul Ball, location: 2F 1-2: Ball 2-2: Ground out 6-3 (Groundball, 4M, EV 105.0 MPH)
|
|
Batting: SHB Bradley Barrowcliff
|
0-0: Called Strike 0-1: Ball 1-1: Foul Ball, location: 2F 1-2: Foul Ball, location: 2F 1-2: Strikes out swinging
|
|
Batting: RHB Ron Johansen
|
0-0: Ball 1-0: Swinging Strike 1-1: Ball 2-1: Ball 3-1: Foul Ball, location: 2F 3-2: Foul Ball, location: 2F 3-2: Foul Ball, location: 2F 3-2: Strikes out swinging
|
| Bottom of the 7th over - 0 runs, 0 hits, 0 errors, 0 left on base; Iowa 5 - Albuquerque 5 |
| TOP OF THE 8TH |
|
Iowa Cubs batting - Pitching for Albuquerque Isotopes : LHP Tyler Adams
|
|
Pitching: LHP Waldemar van der Sluijs
|
|
|
Batting: SHB Seung-ho Zhang
|
0-0: Ball 1-0: Swinging Strike 1-1: Ball 2-1: Foul Ball, location: 2F 2-2: Foul Ball, location: 2F 2-2: Strikes out swinging
|
|
Pinch Hitting: SHB Tim Hone
|
0-0: Called Strike 0-1: SINGLE (Groundball, 4MD, EV 96.9 MPH)
|
|
Batting: LHB Rich Atterberry
|
0-0: Ball Tim Hone steals 2nd base 1-0: Ball 2-0: Ball 3-0: Called Strike 3-1: Swinging Strike 3-2: Base on Balls
|
|
Batting: LHB J.D. Brenner
|
0-0: Called Strike 0-1: Swinging Strike 0-2: Foul Ball, location: 2F 0-2: Ball 1-2: Ball 2-2: Ball 3-2: Strikes out swinging
|
|
Batting: LHB Jose Mojica
|
0-0: Foul Ball, location: 2F 0-1: Ball 1-1: Called Strike 1-2: Foul Ball, location: 2F 1-2: Strikes out looking
|
| Top of the 8th over - 0 runs, 1 hit, 0 errors, 2 left on base; Iowa 5 - Albuquerque 5 |
| BOTTOM OF THE 8TH |
|
Albuquerque Isotopes batting - Pitching for Iowa Cubs : RHP Mike Richardson
|
|
Pitching: RHP Joe Pate
|
|
|
Now at 1B: John Holst
|
|
|
Batting: RHB Jerry Castro
|
0-0: Ball 1-0: Ball 2-0: Called Strike 2-1: Ball 3-1: Base on Balls
|
|
Batting: RHB Ben Alspach
|
0-0: Ball 1-0: Called Strike 1-1: Foul Ball, location: 2F 1-2: Ball 2-2: Ball 3-2: Strikes out swinging
|
|
Batting: RHB Bobby Heagle
|
0-0: Ball 1-0: Ball 2-0: Foul Ball, location: 2F 2-1: Foul Ball, location: 2F 2-2: Foul Ball, location: 2F 2-2: Strikes out swinging
|
|
Batting: LHB Enrique Andrade
|
0-0: Called Strike 0-1: Ball 1-1: Swinging Strike 1-2: Strikes out looking
|
| Bottom of the 8th over - 0 runs, 0 hits, 0 errors, 1 left on base; Iowa 5 - Albuquerque 5 |
| TOP OF THE 9TH |
|
Iowa Cubs batting - Pitching for Albuquerque Isotopes : LHP Waldemar van der Sluijs
|
|
Pitching: RHP Ernie Schmutz
|
|
|
Batting: RHB Pat Barton
|
0-0: Swinging Strike 0-1: Ball 1-1: Foul Ball, location: 2F 1-2: DOUBLE (Line Drive, 78D, EV 106.9 MPH)
|
|
Batting: LHB Barend van der Kamp
|
0-0: Called Strike 0-1: Ball 1-1: Ground out 4-3 (Groundball, 4, EV 100.6 MPH) Pat Barton to third
|
|
Batting: RHB Butch Koglin
|
0-0: Intentional Walk
|
|
Batting: SHB Nick Chandler
|
0-0: Ground out U3 (Groundball, 3, EV 90.6 MPH) Butch Koglin to second
|
|
Batting: SHB Seung-ho Zhang
|
0-0: Foul Ball, location: 2F 0-1: Ball 1-1: Ball 2-1: Ball 3-1: Called Strike 3-2: Foul Ball, location: 2F 3-2: Strikes out swinging
|
| Top of the 9th over - 0 runs, 1 hit, 0 errors, 2 left on base; Iowa 5 - Albuquerque 5 |
| BOTTOM OF THE 9TH |
|
Albuquerque Isotopes batting - Pitching for Iowa Cubs : RHP Joe Pate
|
|
Pitching: RHP Gabe Wagner
|
|
|
Batting: SHB Pat Wilson
|
0-0: Called Strike 0-1: Swinging Strike 0-2: Ball 1-2: Ball 2-2: Foul Ball, location: 2F 2-2: Foul Ball, location: 2F 2-2: Ball 3-2: Fly out, F7 (Flyball, 78M, EV 90.6 MPH)
|
|
Batting: LHB Katsunan Akimoto
|
0-0: Ball 1-0: Ball 2-0: Ball 3-0: Called Strike 3-1: Ground out 5-3 (Groundball, 56, EV 101.9 MPH)
|
|
Batting: LHB Tetsuya Oba
|
0-0: Ball 1-0: Fly out, F1 (Line Drive, P, EV 71.2 MPH)
|
| Bottom of the 9th over - 0 runs, 0 hits, 0 errors, 0 left on base; Iowa 5 - Albuquerque 5 |
| TOP OF THE 10TH |
|
Iowa Cubs batting - Pitching for Albuquerque Isotopes : RHP Ernie Schmutz
|
|
Batting: LHB John Holst
|
0-0: Ground out U3 (Groundball, 3, EV 83.1 MPH)
|
|
Batting: LHB Rich Atterberry
|
0-0: Ball 1-0: Fly out, F8 (Flyball, 8RM, EV 78.1 MPH)
|
|
Batting: LHB J.D. Brenner
|
0-0: Called Strike 0-1: Foul Ball, location: 2F 0-2: Ball 1-2: Strikes out looking
|
| Top of the 10th over - 0 runs, 0 hits, 0 errors, 0 left on base; Iowa 5 - Albuquerque 5 |
| BOTTOM OF THE 10TH |
|
Albuquerque Isotopes batting - Pitching for Iowa Cubs : RHP Gabe Wagner
|
|
Pitching: LHP Shane Stratton
|
|
|
Pinch Hitting: RHB Nate Carrell
|
0-0: Swinging Strike 0-1: Ground out 5-3 (Groundball, 56S, EV 82.5 MPH)
|
|
Batting: RHB Ron Johansen
|
0-0: Ball 1-0: Ball 2-0: Foul Ball, location: 2F 2-1: Ground out 5-3 (Groundball, 56, EV 78.8 MPH)
|
|
Batting: RHB Jerry Castro
|
0-0: Ball 1-0: Called Strike 1-1: Foul Ball, location: 2F 1-2: Foul Ball, location: 2F 1-2: Foul Ball, location: 2F 1-2: Strikes out swinging
|
| Bottom of the 10th over - 0 runs, 0 hits, 0 errors, 0 left on base; Iowa 5 - Albuquerque 5 |
| TOP OF THE 11TH |
|
Iowa Cubs batting - Pitching for Albuquerque Isotopes : RHP Ernie Schmutz
|
|
Now in LF: Nate Carrell
|
|
|
Now in RF: Enrique Andrade
|
|
|
Batting: LHB Jose Mojica
|
0-0: Foul Ball, location: 2F 0-1: Ball 1-1: Ball 2-1: Foul Ball, location: 2F 2-2: Ground out 4-3 (Groundball, 4, EV 83.8 MPH)
|
|
Batting: RHB Pat Barton
|
0-0: Swinging Strike 0-1: SINGLE (Groundball, 56S, EV 97.5 MPH)
|
|
Batting: LHB Barend van der Kamp
|
0-0: Called Strike 0-1: Ball 1-1: SINGLE (Groundball, 4M, EV 102.5 MPH) Pat Barton to second Runner from 2nd tries for 3rd, SAFE, no throw by CF
|
|
Batting: RHB Butch Koglin
|
0-0: Ball 1-0: Called Strike 1-1: SINGLE (Groundball, P, EV 80.0 MPH) (infield hit) Pat Barton scores Barend van der Kamp to second
|
|
Batting: SHB Nick Chandler
|
0-0: Ball 1-0: Called Strike 1-1: Swinging Strike 1-2: 3-RUN HOME RUN (Line Drive, 78XD, EV 99.4 MPH), Distance : 418 ft
|
|
Pitching: LHP Dario Rios
|
|
|
Batting: SHB Seung-ho Zhang
|
0-0: Called Strike 0-1: Ball 1-1: Swinging Strike 1-2: Foul Ball, location: 2F 1-2: Foul Ball, location: 2F 1-2: Strikes out swinging
|
|
Batting: LHB John Holst
|
0-0: Called Strike 0-1: Foul Ball, location: 2F 0-2: Strikes out swinging
|
| Top of the 11th over - 4 runs, 4 hits, 0 errors, 0 left on base; Iowa 9 - Albuquerque 5 |
| BOTTOM OF THE 11TH |
|
Albuquerque Isotopes batting - Pitching for Iowa Cubs : LHP Shane Stratton
|
|
Batting: RHB Ben Alspach
|
0-0: Called Strike 0-1: Called Strike 0-2: DOUBLE (Line Drive, 89D, EV 106.9 MPH)
|
|
Batting: RHB Bobby Heagle
|
0-0: Ball 1-0: Fly out, F8 (Flyball, 8LD, EV 103.1 MPH)
|
|
Pinch Hitting: RHB Josh Baker
|
0-0: Foul Ball, location: 2F 0-1: Ball 1-1: Foul Ball, location: 2F 1-2: Ball Wild Pitch! Ben Alspach to third 2-2: Fly out, F8 (Flyball, 8RS, EV 77.5 MPH)
|
|
Batting: SHB Pat Wilson
|
0-0: Ball 1-0: Ground out 5-3 (Groundball, 56, EV 89.4 MPH)
|
| Bottom of the 11th over - 0 runs, 1 hit, 0 errors, 1 left on base; Iowa 9 - Albuquerque 5 |
|